 Dungeon Crawl Stone Soup version 0.31-a0-167-g1c394c0614 (webtiles) character file.

Game seed: 5256210815860961028

4689 qw the Skirmisher (level 10, -1/94 HPs)
             Began as a Naga Hunter on June 14, 2023.
             Was a Follower of Okawaru.
             Shot with an arrow by an orc warrior (15 damage)
             ... on level 9 of the Dungeon.
             The game lasted 00:02:57 (7267 turns).

qw the Skirmisher (Naga Hunter)                     Turns: 7267, Time: 00:02:57

Health: -1/94      AC: 14    Str: 13    XL:     10   Next: 44%
Magic:  9/10       EV: 12    Int:  9    God:    Okawaru [*.....]
Gold:   23         SH:  0    Dex: 20    Spells: 9/9 levels left

rFire   + . .        Y - +1 orcbow (flame)
rCold   . . .        (shield currently unavailable)
rNeg    . . .        j - +2 leather armour {Will+}
rPois   +            (no helmet)
rElec   .            r - +0 cloak
rCorr   .            g - +1 pair of gloves
SInv    +            (no barding)
Will    ++...        (no amulet)
Stlth   ++           l - +4 ring of protection
HPRegen 0.35/turn    s - ring of protection from fire
MPRegen 0.12/turn

%: no passive effects
@: about to teleport, very slow
A: AC +3, large, see invisible, deformed body, poison resistance, slowness 2,
spit poison 1, naga tail 1, teleportitis 1, wild magic 1, noise suppression
a: Spit Poison, Renounce Religion, Heroism


You were on level 9 of the Dungeon.
You worshipped Okawaru.
Okawaru was aware of your devotion.
You visited 2 branches of the dungeon, and saw 10 of its levels.
You also visited: Sewer.

You collected 549 gold pieces.
You spent 526 gold pieces at shops.


Innate Abilities, Weirdness & Mutations

Your serpentine skin is tough. (AC +3)
You have supernaturally acute eyesight. (SInv)
Armour fits poorly on your strangely shaped body.
Your system is resistant to poisons. (rPois)
You cover ground very slowly.
You can spit poison.
You have a snake-like lower body.
You are occasionally teleported next to monsters.
Your spells are a little harder to cast, but a little more powerful.
You passively dampen the noise of your surroundings.


   Skills:
 + Level 7.4 Fighting
 - Level 11.3 Ranged Weapons
 - Level 1.6 Armour
 - Level 4.8 Dodging
 - Level 1.5 Stealth
 + Level 1.1 Invocations


You had 9 spell levels left.
You didn't know any spells.
Your spell library was empty.

Inventory:

Hand Weapons
 Y - a +1 orcbow of flaming (weapon)
Armour
 g - a +1 pair of gloves (worn)
 j - a +2 leather armour of willpower (worn)
 m - a +0 leather armour of cold resistance
 r - a +0 cloak (worn)
Jewellery
 l - a +4 ring of protection (left hand)
 o - a ring of fire
 q - a ring of protection from cold
 s - a ring of protection from fire (right hand)
Wands
 e - a wand of digging (5)
Scrolls
 i - 2 scrolls of teleportation
 k - 7 scrolls of identify
Potions
 b - 3 potions of heal wounds
 d - a potion of magic
 h - 4 potions of curing
 n - a potion of haste
 p - a potion of cancellation
 t - a potion of might

Dungeon Overview and Level Annotations

Branches:
Dungeon (9/15)             Temple (1/1) D:7           Sewer (visited)
   Lair: D:8-11         Orc: D:9-12

Altars:
Ashenzari
Cheibriados
Dithmenos
Fedhas
Gozag
Hepliaklqana
Kikubaaqudgha
Makhleb
Nemelex Xobeh
Okawaru
Qazlal
Ru
Sif Muna
Trog
Uskayaw
Vehumet
Wu Jian
Xom
Yredelemnul
Zin
The Shining One

Shops:
D:8 ?==?

Annotations:
D:9 Grum, Harold


Message History

The howler monkey barely misses you.
You shoot an arrow. The arrow hits the howler monkey.
The arrow burns the howler monkey.
The howler monkey is almost dead.
The howler monkey closely misses you.
An orc wizard comes into view. It is wielding a +0 dagger.
You shoot an arrow.
The arrow barely misses the howler monkey.
The howler monkey closely misses you.
You shoot an arrow.
The arrow barely misses the howler monkey.
You have got your breath back.
The orc wizard points at you and mumbles some strange words.
The puff of flame hits you. You resist.
The howler monkey hoots and howls with incredible vigour!
7263 ||| INVOKING Spit Poison.
Aiming: Spit Poison (1% risk of failure)
Press: ? - help, Shift-Dir - straight line, f/p - howler monkey The splash of poison hits the howler monkey!
You kill the howler monkey!
Okawaru accepts your kill.
You can now gain great but temporary skills.
An orc warrior comes into view. It is wielding a +0 halberd.
You shoot an arrow. The arrow misses the orc wizard.
The orc warrior unwields a +0 halberd.
The orc warrior wields a +0 orcbow.
The orc warrior shoots an arrow.
The arrow hits you but does no damage.
You shoot an arrow. The arrow hits the orc wizard!
The arrow burns the orc wizard.
You kill the orc wizard!
Okawaru accepts your kill.
You shoot an arrow.
The arrow hits the orc warrior but does no damage.
You feel like a meek peon again.
The orc warrior shoots an arrow.
The arrow hits you!
7267 ||| READING 3 scrolls of teleportation.
As you read the scroll of teleportation, it crumbles to dust.
You feel strangely unstable.
You have got your breath back.
The orc warrior shoots an arrow.
The arrow hits you!
You die...

##.............
.........#...).
...............
...............
...............
.........$.....
..#............
.......@....)..
..............o
...............
...............
............#..
##.........## .
#.........#
#.........#


You could see an orc warrior.

Vanquished Creatures
  A two-headed ogre (D:9)
  Pikel (D:4)
  Sigmund (D:6)
  A shadow (D:8)
  Eustachio (D:6)
  A yak (D:9)
  A wyvern (D:9)
  A steam dragon (D:8)
  A water moccasin (D:7)
  3 ice beasts
  A black bear (D:5)
  2 orc warriors
  2 centaurs
  Blork the orc (D:6)
  A phantom (D:4)
  2 bullfrogs
  4 kobold brigands (Sewer)
  3 scorpions (D:5)
  A vampire bat (D:3)
  6 howler monkeys
  A hound (D:6)
  A jelly (D:6)
  7 orc priests
  A gnoll bouda (D:5)
  4 sleepcaps
  Terence (D:2)
  An iguana (D:7)
  7 orc wizards
  Robin (D:2)
  4 gnolls (D:5)
  15 adders
  2 river rats (Sewer)
  4 white imps
  An ufetubus (D:7)
  8 worms
  2 dart slugs
  17 orcs
  13 ball pythons
  17 endoplasms
  3 giant cockroaches
  9 goblins
  17 hobgoblins
  4 jackals (D:4)
  7 quokkas
  15 bats
  3 frilled lizards
  7 kobolds
  6 rats
213 creatures vanquished.

Notes
Turn   | Place    | Note
-------+----------+-------------------------------------------
     0 | D:1      | qw the Naga Hunter began the quest for the Orb.
     0 | D:1      | Reached XP level 1. HP: 19/19 MP: 1/1
     0 | D:1      | 0 ||| qw: Version: 0.2-a-29-g1fa15c8
     0 | D:1      | 0 ||| qw: Game counter: 4955
     0 | D:1      | 0 ||| qw: Always use a shield: true
     0 | D:1      | 0 ||| qw: God list: Okawaru
     0 | D:1      | 0 ||| qw: Allow faded altars: false
     0 | D:1      | 0 ||| qw: Do Orc after D:15 true
     0 | D:1      | 0 ||| qw: Do second Lair branch before Depths: true
     0 | D:1      | 0 ||| qw: Lair rune preference: random
     0 | D:1      | 0 ||| qw: Plans: Normal
     0 | D:1      | 0 ||| PLANNING D:1-11
    31 | D:1      | 31 ||| INVOKING Spit Poison.
   144 | D:1      | 144 ||| INVOKING Spit Poison.
   150 | D:1      | Found a faded altar of an unknown god.
   160 | D:1      | 160 ||| INVOKING Spit Poison.
   161 | D:1      | Reached skill level 4 in Ranged Weapons
   161 | D:1      | Reached XP level 2. HP: 26/26 MP: 2/2
   172 | D:1      | 172 ||| INVOKING Spit Poison.
   178 | D:1      | 178 ||| INVOKING Spit Poison.
   183 | D:1      | 183 ||| INVOKING Spit Poison.
   264 | D:1      | 264 ||| INVOKING Spit Poison.
   305 | D:1      | 305 ||| INVOKING Spit Poison.
   313 | D:1      | 313 ||| INVOKING Spit Poison.
   328 | D:1      | 328 ||| INVOKING Spit Poison.
   330 | D:1      | Reached XP level 3. HP: 32/32 MP: 3/3
   334 | D:1      | 334 ||| INVOKING Spit Poison.
   533 | D:1      | 533 ||| DROPPING scarf of shadows.
   534 | D:1      | 534 ||| READING scroll labelled DYTEDI LYFAQE.
   535 | D:1      | 535 ||| DRINKING 2 fuming pink potions.
   536 | D:1      | 536 ||| DROPPING scroll of butterflies.
   572 | D:2      | 572 ||| INVOKING Spit Poison.
   626 | D:2      | 626 ||| INVOKING Spit Poison.
   629 | D:2      | 629 ||| INVOKING Spit Poison.
   651 | D:2      | 651 ||| INVOKING Spit Poison.
   667 | D:2      | 667 ||| INVOKING Spit Poison.
   679 | D:2      | 679 ||| INVOKING Spit Poison.
   696 | D:2      | Noticed Terence
   698 | D:2      | 698 ||| INVOKING Spit Poison.
   701 | D:2      | 701 ||| INVOKING Spit Poison.
   701 | D:2      | Killed Terence
   702 | D:2      | Reached skill level 5 in Ranged Weapons
   702 | D:2      | Reached XP level 4. HP: 39/39 MP: 4/4
   736 | D:2      | 736 ||| INVOKING Spit Poison.
   741 | D:2      | Noticed Robin
   742 | D:2      | 742 ||| INVOKING Spit Poison.
   744 | D:2      | Killed Robin
   745 | D:2      | 745 ||| INVOKING Spit Poison.
   751 | D:2      | 751 ||| INVOKING Spit Poison.
   764 | D:2      | 764 ||| INVOKING Spit Poison.
   770 | D:2      | 770 ||| INVOKING Spit Poison.
   810 | D:2      | 810 ||| INVOKING Spit Poison.
   811 | D:2      | 811 ||| INVOKING Spit Poison.
   821 | D:2      | 821 ||| INVOKING Spit Poison.
   827 | D:2      | 827 ||| INVOKING Spit Poison.
   838 | D:2      | Reached skill level 3 in Fighting
   880 | D:2      | 880 ||| INVOKING Spit Poison.
   923 | D:2      | 923 ||| INVOKING Spit Poison.
  1064 | D:2      | 1064 ||| INVOKING Spit Poison.
  1067 | D:2      | Reached XP level 5. HP: 49/49 MP: 5/5
  1187 | D:2      | 1187 ||| UPGRADING to +0 helmet.
  1192 | D:2      | 1192 ||| READING scroll labelled BOZXAB SULIOPP.
  1192 | D:2      | Identified a scroll of acquirement
  1192 | D:2      | 1192 ||| ACQUIRING ring of protection from cold
  1192 | D:2      | Acquired a ring of protection from cold
  1194 | D:2      | 1194 ||| UPGRADING to ring of protection from cold.
  1195 | D:2      | 1195 ||| DRINKING 2 smoky red potions.
  1196 | D:2      | 1196 ||| DROPPING potion of degeneration.
  1309 | D:3      | 1309 ||| INVOKING Spit Poison.
  1321 | D:3      | 1321 ||| INVOKING Spit Poison.
  1327 | D:3      | 1327 ||| INVOKING Spit Poison.
  1450 | D:3      | 1450 ||| INVOKING Spit Poison.
  1456 | D:3      | 1456 ||| INVOKING Spit Poison.
  1496 | D:3      | 1496 ||| INVOKING Spit Poison.
  1515 | D:3      | 1515 ||| INVOKING Spit Poison.
  1549 | D:3      | 1549 ||| INVOKING Spit Poison.
  1575 | D:3      | 1575 ||| INVOKING Spit Poison.
  1735 | D:3      | 1735 ||| INVOKING Spit Poison.
  1743 | D:3      | 1743 ||| INVOKING Spit Poison.
  1937 | D:3      | 1937 ||| INVOKING Spit Poison.
  1939 | D:3      | Reached skill level 6 in Ranged Weapons
  1939 | D:3      | Reached XP level 6. HP: 56/56 MP: 6/6
  1944 | D:3      | 1944 ||| INVOKING Spit Poison.
  1951 | D:3      | 1951 ||| INVOKING Spit Poison.
  1964 | D:3      | 1964 ||| INVOKING Spit Poison.
  2027 | D:3      | 2027 ||| INVOKING Spit Poison.
  2031 | D:3      | 2031 ||| INVOKING Spit Poison.
  2063 | D:3      | 2063 ||| INVOKING Spit Poison.
  2106 | D:3      | 2106 ||| INVOKING Spit Poison.
  2133 | D:3      | 2133 ||| UPGRADING to +2 leather armour of willpower.
  2143 | D:3      | 2143 ||| DROPPING +0 leather armour.
  2144 | D:3      | 2144 ||| READING scroll labelled PYTYKK CEECK.
  2148 | D:3      | 2148 ||| READING scroll labelled NAUSESTOCI.
  2149 | D:3      | 2149 ||| READING scroll labelled TIQ QAQAYTIRR.
  2150 | D:3      | 2150 ||| READING 2 scrolls labelled OMPARI ASOL.
  2151 | D:3      | 2151 ||| DRINKING 2 fuming amethyst potions.
  2152 | D:3      | 2152 ||| DRINKING 2 lumpy dark potions.
  2153 | D:3      | 2153 ||| DROPPING potion of enlightenment.
  2154 | D:3      | 2154 ||| DROPPING scroll of immolation.
  2232 | D:4      | 2232 ||| INVOKING Spit Poison.
  2273 | D:4      | 2273 ||| Stepping ~*~*~tactically~*~*~ (outnumbered).
  2277 | D:4      | 2277 ||| INVOKING Spit Poison.
  2280 | D:4      | 2280 ||| INVOKING Spit Poison.
  2283 | D:4      | 2283 ||| INVOKING Spit Poison.
  2287 | D:4      | 2287 ||| INVOKING Spit Poison.
  2318 | D:4      | 2318 ||| INVOKING Spit Poison.
  2330 | D:4      | 2330 ||| INVOKING Spit Poison.
  2334 | D:4      | 2334 ||| INVOKING Spit Poison.
  2342 | D:4      | 2342 ||| INVOKING Spit Poison.
  2345 | D:4      | 2345 ||| INVOKING Spit Poison.
  2409 | D:4      | 2409 ||| INVOKING Spit Poison.
  2414 | D:4      | 2414 ||| INVOKING Spit Poison.
  2474 | D:4      | 2474 ||| INVOKING Spit Poison.
  2504 | D:4      | Noticed Pikel
  2505 | D:4      | 2505 ||| INVOKING Spit Poison.
  2508 | D:4      | 2508 ||| Stepping ~*~*~tactically~*~*~ (outnumbered).
  2509 | D:4      | 2509 ||| INVOKING Spit Poison.
  2512 | D:4      | 2512 ||| INVOKING Spit Poison.
  2515 | D:4      | 2515 ||| INVOKING Spit Poison.
  2515 | D:4      | Killed Pikel
  2516 | D:4      | Reached XP level 7. HP: 33/64 MP: 7/7
  2674 | D:4      | 2674 ||| INVOKING Spit Poison.
  2677 | D:4      | 2677 ||| INVOKING Spit Poison.
  2681 | D:4      | 2681 ||| INVOKING Spit Poison.
  2939 | D:4      | 2939 ||| UPGRADING to +0 pair of gloves.
  2944 | D:4      | 2944 ||| READING scroll labelled HUAXZO UCWYIPO.
  2970 | D:5      | Entered Level 5 of the Dungeon
  2987 | D:5      | 2987 ||| INVOKING Spit Poison.
  2989 | D:5      | Reached XP level 8. HP: 72/72 MP: 8/8
  2991 | D:5      | 2991 ||| INVOKING Spit Poison.
  3077 | D:5      | 3077 ||| INVOKING Spit Poison.
  3080 | D:5      | 3080 ||| INVOKING Spit Poison.
  3085 | D:5      | 3085 ||| INVOKING Spit Poison.
  3090 | D:5      | 3090 ||| INVOKING Spit Poison.
  3166 | D:5      | 3166 ||| INVOKING Spit Poison.
  3167 | D:5      | Reached skill level 7 in Ranged Weapons
  3283 | D:5      | 3283 ||| INVOKING Spit Poison.
  3287 | D:5      | 3287 ||| INVOKING Spit Poison.
  3290 | D:5      | Reached skill level 1 in Armour
  3331 | D:5      | 3331 ||| INVOKING Spit Poison.
  3387 | D:5      | 3387 ||| INVOKING Spit Poison.
  3409 | D:5      | 3409 ||| INVOKING Spit Poison.
  3412 | D:5      | 3412 ||| INVOKING Spit Poison.
  3415 | D:5      | 3415 ||| INVOKING Spit Poison.
  3569 | D:5      | 3569 ||| INVOKING Spit Poison.
  3573 | D:5      | 3573 ||| INVOKING Spit Poison.
  3574 | D:5      | 3574 ||| INVOKING Spit Poison.
  3631 | D:5      | Reached skill level 8 in Ranged Weapons
  3854 | D:5      | 3854 ||| UPGRADING to +0 cloak.
  3859 | D:5      | 3859 ||| UPGRADING to ring of protection from fire.
  3860 | D:5      | 3860 ||| READING scroll labelled QARUIRCHYLIA.
  3861 | D:5      | 3861 ||| READING scroll labelled XOB JUBYLAEXE.
  3862 | D:5      | 3862 ||| DRINKING 2 lumpy clear potions.
  3862 | D:5      | Gained mutation: Your tail ends in a venomous barb. [potion
                  | of mutation]
  3862 | D:5      | Gained mutation: You occasionally lose the ability to drink
                  | potions when taking damage. [potion of mutation]
  3862 | D:5      | Gained mutation: You are partially covered in large bone
                  | plates. (SH +4) [potion of mutation]
  3863 | D:5      | 3863 ||| DRINKING potion of mutation.
  3863 | D:5      | Lost mutation: Your tail ends in a venomous barb. [potion
                  | of mutation]
  3863 | D:5      | Lost mutation: You are partially covered in large bone
                  | plates. (SH +4) [potion of mutation]
  3863 | D:5      | Gained mutation: You are weak. (Str -2) [potion of
                  | mutation]
  3909 | D:6      | 3909 ||| PLANNING SEWER
  3920 | D:6      | 3920 ||| INVOKING Spit Poison.
  3976 | D:6      | 3976 ||| UPGRADING to +1 orcbow of flaming.
  3977 | D:6      | 3977 ||| DROPPING +0 heavy shortbow.
  3979 | D:6      | Noticed Sigmund
  3981 | D:6      | Killed Sigmund
  3982 | D:6      | Reached XP level 9. HP: 82/82 MP: 9/9
  4004 | D:6      | 4004 ||| INVOKING Spit Poison.
  4030 | D:6      | Noticed Eustachio
  4033 | D:6      | 4033 ||| INVOKING Spit Poison.
  4036 | D:6      | 4036 ||| INVOKING Spit Poison.
  4038 | D:6      | Killed Eustachio
  4039 | D:6      | 4039 ||| INVOKING Spit Poison.
  4051 | D:6      | Found a shadowy altar of Dithmenos.
  4054 | D:6      | 4054 ||| INVOKING Spit Poison.
  4059 | D:6      | 4059 ||| INVOKING Spit Poison.
  4110 | D:6      | Found a glowing golden altar of the Shining One.
  4233 | D:6      | 4233 ||| INVOKING Spit Poison.
  4239 | D:6      | Noticed Blork the orc
  4240 | D:6      | 4240 ||| INVOKING Spit Poison.
  4244 | D:6      | Killed Blork the orc
  4334 | D:6      | 4334 ||| INVOKING Spit Poison.
  4337 | D:6      | 4337 ||| INVOKING Spit Poison.
  4342 | D:6      | 4342 ||| INVOKING Spit Poison.
  4345 | D:6      | Reached skill level 9 in Ranged Weapons
  4360 | D:6      | 4360 ||| INVOKING Spit Poison.
  4433 | D:6      | Found a glowing drain.
  4434 | D:6      | 4434 ||| UPGRADING to +4 ring of protection.
  4436 | D:6      | 4436 ||| READING scroll labelled AQOHIA JEXT.
  4437 | D:6      | 4437 ||| DRINKING 3 fizzy clear potions.
  4438 | D:6      | 4438 ||| DROPPING 2 potions of attraction.
  4447 | Sewer    | Entered a sewer
  4502 | Sewer    | 4502 ||| INVOKING Spit Poison.
  4543 | Sewer    | 4543 ||| INVOKING Spit Poison.
  4547 | Sewer    | Reached skill level 6 in Fighting
  4558 | Sewer    | 4558 ||| READING scroll of enchant armour.
  4558 | Sewer    | 4558 ||| ENCHANTING +0 pair of gloves.
  4621 | Sewer    | 4621 ||| INVOKING Spit Poison.
  4678 | Sewer    | 4678 ||| INVOKING Spit Poison.
  4683 | Sewer    | 4683 ||| INVOKING Spit Poison.
  4701 | Sewer    | 4701 ||| INVOKING Spit Poison.
  4737 | Sewer    | 4737 ||| INVOKING Spit Poison.
  4743 | Sewer    | 4743 ||| INVOKING Spit Poison.
  4803 | Sewer    | 4803 ||| INVOKING Spit Poison.
  4817 | Sewer    | 4817 ||| INVOKING Spit Poison.
  4863 | Sewer    | 4863 ||| INVOKING Spit Poison.
  4867 | Sewer    | 4867 ||| INVOKING Spit Poison.
  4872 | Sewer    | 4872 ||| INVOKING Spit Poison.
  4937 | Sewer    | 4937 ||| INVOKING Spit Poison.
  4951 | Sewer    | 4951 ||| INVOKING Spit Poison.
  4959 | Sewer    | 4959 ||| READING scroll labelled JIFFAFR MEOJIDD.
  4960 | Sewer    | 4960 ||| DRINKING 2 emerald potions.
  4961 | Sewer    | 4961 ||| DRINKING 2 ruby potions.
  4983 | D:6      | 4983 ||| PLANNING D:1-11
  5022 | D:6      | 5022 ||| INVOKING Spit Poison.
  5058 | D:6      | 5058 ||| INVOKING Spit Poison.
  5134 | D:7      | 5134 ||| DRINKING potion of mutation.
  5134 | D:7      | Lost mutation: You occasionally lose the ability to drink
                  | potions when taking damage. [potion of mutation]
  5134 | D:7      | Lost mutation: You are weak. (Str -2) [potion of mutation]
  5134 | D:7      | Gained mutation: You are occasionally teleported next to
                  | monsters. [potion of mutation]
  5134 | D:7      | Gained mutation: You have a pair of small horns on your
                  | head. [potion of mutation]
  5134 | D:7      | Gained mutation: Your spells are a little harder to cast,
                  | but a little more powerful. [potion of mutation]
  5142 | D:7      | 5142 ||| INVOKING Spit Poison.
  5148 | D:7      | 5148 ||| INVOKING Spit Poison.
  5152 | D:7      | 5152 ||| INVOKING Spit Poison.
  5170 | D:7      | 5170 ||| INVOKING Spit Poison.
  5173 | D:7      | 5173 ||| Stepping ~*~*~tactically~*~*~ (outnumbered).
  5175 | D:7      | 5175 ||| INVOKING Spit Poison.
  5181 | D:7      | 5181 ||| INVOKING Spit Poison.
  5182 | D:7      | Reached skill level 10 in Ranged Weapons
  5187 | D:7      | 5187 ||| INVOKING Spit Poison.
  5191 | D:7      | 5191 ||| INVOKING Spit Poison.
  5194 | D:7      | 5194 ||| INVOKING Spit Poison.
  5197 | D:7      | 5197 ||| INVOKING Spit Poison.
  5361 | D:7      | Found Cemeud's Weapon Boutique.
  5408 | D:7      | Found a staircase to the Ecumenical Temple.
  5409 | D:7      | 5409 ||| PLANNING TEMPLE
  5442 | D:7      | 5442 ||| INVOKING Spit Poison.
  5488 | D:7      | 5488 ||| INVOKING Spit Poison.
  5495 | D:7      | 5495 ||| INVOKING Spit Poison.
  5557 | D:7      | 5557 ||| DROPPING +0 helmet.
  5573 | Temple   | Entered the Ecumenical Temple
  5595 | Temple   | 5595 ||| PLANNING OKAWARU WORSHIP
  5857 | Temple   | Became a worshipper of Warmaster Okawaru
  5858 | Temple   | 5858 ||| PLANNING D:1-11
  5887 | D:7      | Found a shimmering blue altar of Sif Muna.
  6002 | D:7      | 6002 ||| READING scroll labelled QOETOT GOSTROKK.
  6100 | D:8      | Found Hyogg's Magic Scroll Shoppe.
  6107 | D:8      | 6107 ||| BUYING scroll of identify (20 gold).
  6107 | D:8      | Bought a scroll of identify for 20 gold pieces
  6107 | D:8      | 6107 ||| BUYING scroll of identify (20 gold).
  6107 | D:8      | Bought a scroll of identify for 20 gold pieces
  6107 | D:8      | 6107 ||| BUYING scroll of identify (20 gold).
  6107 | D:8      | Bought a scroll of identify for 20 gold pieces
  6107 | D:8      | 6107 ||| BUYING scroll of identify (20 gold).
  6107 | D:8      | Bought a scroll of identify for 20 gold pieces
  6107 | D:8      | 6107 ||| BUYING scroll of identify (20 gold).
  6107 | D:8      | Bought a scroll of identify for 20 gold pieces
  6107 | D:8      | 6107 ||| BUYING scroll of identify (20 gold).
  6107 | D:8      | Bought a scroll of identify for 20 gold pieces
  6107 | D:8      | 6107 ||| BUYING scroll of teleportation (30 gold).
  6107 | D:8      | Bought a scroll of teleportation for 30 gold pieces
  6131 | D:8      | Found Sokkut's Jewellery Emporium.
  6141 | D:8      | 6141 ||| SHOPLISTING amulet "Teil" {Will+ Regen+} (596
                  | gold, have 350).
  6141 | D:8      | 6141 ||| BUYING ring of fire (350 gold).
  6141 | D:8      | Bought a ring of fire for 350 gold pieces
  6141 | D:8      | 6141 ||| SHOPLISTING ring of protection from fire (350
                  | gold, have 0).
  6141 | D:8      | 6141 ||| SHOPLISTING ring of resist corrosion (280 gold,
                  | have 0).
  6141 | D:8      | 6141 ||| SHOPLISTING ring of the Kraken {Will+ EV+5} (680
                  | gold, have 0).
  6142 | D:8      | 6142 ||| INVOKING Spit Poison.
  6146 | D:8      | 6146 ||| INVOKING Spit Poison.
  6148 | D:8      | Reached XP level 10. HP: 87/94 MP: 10/10
  6270 | D:8      | Found Wimic's Jewellery Shop.
  6279 | D:8      | 6279 ||| SHOPLISTING amulet of faith (520 gold, have 0).
  6279 | D:8      | 6279 ||| SHOPLISTING amulet of the acrobat (390 gold, have
                  | 0).
  6279 | D:8      | 6279 ||| SHOPLISTING ring "Kyetsado" {rElec Int+6 SInv}
                  | (704 gold, have 0).
  6279 | D:8      | 6279 ||| SHOPLISTING ring of resist corrosion (260 gold,
                  | have 0).
  6279 | D:8      | 6279 ||| SHOPLISTING ring of the Hare {EV+10} (1664 gold,
                  | have 0).
  6579 | D:8      | 6579 ||| Stepping ~*~*~tactically~*~*~ (outnumbered).
  6583 | D:8      | 6583 ||| INVOKING Spit Poison.
  6625 | D:8      | 6625 ||| INVOKING Spit Poison.
  6859 | D:8      | Found Lapheq's Magic Scroll Shoppe.
  6867 | D:8      | 6867 ||| SHOPLISTING scroll of enchant weapon (97 gold,
                  | have 31).
  6867 | D:8      | 6867 ||| BUYING scroll of identify (26 gold).
  6867 | D:8      | Bought a scroll of identify for 26 gold pieces
  6919 | D:8      | Found a stormy altar of Qazlal.
  6928 | D:8      | Found an ornate altar of the Wu Jian Council.
  7059 | D:8      | 7059 ||| READING scroll labelled OCIETHR MOUN.
  7060 | D:8      | 7060 ||| DRINKING 2 red potions.
  7061 | D:8      | 7061 ||| DRINKING 5 potions of curing.
  7061 | D:8      | 7061 ||| (to cure confusion)
  7062 | D:8      | 7062 ||| READING 9 scrolls of identify.
  7062 | D:8      | 7062 ||| IDENTIFYING inky potion
  7063 | D:8      | 7063 ||| READING 8 scrolls of identify.
  7063 | D:8      | 7063 ||| IDENTIFYING glowing amethyst potion
  7064 | D:8      | 7064 ||| DROPPING potion of ambrosia.
  7065 | D:8      | 7065 ||| DROPPING potion of berserk rage.
  7131 | D:9      | 7131 ||| INVOKING Spit Poison.
  7137 | D:9      | 7137 ||| INVOKING Spit Poison.
  7158 | D:9      | 7158 ||| DRINKING potion of mutation.
  7158 | D:9      | Lost mutation: Your spells are a little harder to cast, but
                  | a little more powerful. [potion of mutation]
  7158 | D:9      | Lost mutation: You have a pair of small horns on your head.
                  | [potion of mutation]
  7158 | D:9      | Gained mutation: You passively dampen the noise of your
                  | surroundings. [potion of mutation]
  7158 | D:9      | Gained mutation: Your spells are a little harder to cast,
                  | but a little more powerful. [potion of mutation]
  7162 | D:9      | Noticed a two-headed ogre
  7163 | D:9      | 7163 ||| INVOKING Spit Poison.
  7166 | D:9      | 7166 ||| INVOKING Spit Poison.
  7172 | D:9      | 7172 ||| INVOKING Spit Poison.
  7172 | D:9      | Killed a two-headed ogre
  7172 | D:9      | Reached * piety under Okawaru
  7173 | D:9      | Reached skill level 11 in Ranged Weapons
  7236 | D:9      | Noticed Grum
  7237 | D:9      | 7237 ||| INVOKING Heroism.
  7238 | D:9      | 7238 ||| INVOKING Spit Poison.
  7240 | D:9      | HP: 17/94 [yak (13)]
  7241 | D:9      | 7241 ||| READING 5 scrolls of teleportation.
  7241 | D:9      | HP: 1/94 [yak (9)]
  7242 | D:9      | 7242 ||| DRINKING 6 potions of heal wounds.
  7243 | D:9      | 7243 ||| DRINKING 5 potions of heal wounds.
  7245 | D:9      | Reached skill level 1 in Invocations
  7245 | D:9      | 7245 ||| INVOKING Spit Poison.
  7245 | D:9      | Noticed Harold
  7247 | D:9      | HP: 18/94 [Harold/+0 broad axe (14)]
  7248 | D:9      | 7248 ||| READING 4 scrolls of teleportation.
  7249 | D:9      | 7249 ||| DRINKING 4 potions of heal wounds.
  7250 | D:9      | 7250 ||| INVOKING Heroism.
  7252 | D:9      | 7252 ||| INVOKING Spit Poison.
  7256 | D:9      | 7256 ||| INVOKING Spit Poison.
  7263 | D:9      | 7263 ||| INVOKING Spit Poison.
  7266 | D:9      | HP: 13/94 [orc warrior/arrow (13)]
  7267 | D:9      | 7267 ||| READING 3 scrolls of teleportation.
  7267 | D:9      | Shot with an arrow by an orc warrior

Levels and vault maps discovered:
D:1:      lightli_arrival_maybe_door_vault, layout_rooms,
          hellmonk_ecumenical_altar_arch_garden,
          amcnicky_mini_rare_corridor_liquid, nrook_mini_vaults
D:2:      layout_basic, uniq_terence, uniq_robin
D:3:      layout_basic, roderic_batcave
D:4:      nicolae_BIG_FREAKIN_CUBE, layout_basic, minmay_joined_circles,
          uniq_pikel
D:5:      layout_cave_pods, kennysheep_generic_room_11
D:6:      layout_rooms, mainiacjoe_overflow_catch_the_wave,
          gup_sewer_entry_bowl, uniq_sigmund, uniq_blork_the_orc, uniq_eustachio
D:7:      layout_basic, nicolae_sif_muna_little_library, temple_pool_b,
          serial_shops, shop
D:8:      layout_loops_corners, mainiacjoe_overflow_swirl, serial_shops,
          nicolae_diamond_shop, shop, shop, shop, grunt_ministairs_10,
          minmay_misc_feat_iff, moated_statue
D:9:      layout_cross, due_unseen_surprise, uniq_grum, uniq_maurice,
          uniq_harold
Temple:   compressed_dpeg_triangle_lava_temple

Skill      XL: |  1  2  3  4  5  6  7  8  9 10 |
---------------+-------------------------------+-----
Ranged Weapons | 4 5 6 8 10 11 | 11.3
Fighting       | 3 4 5 7 |  7.4
Dodging        | 4 |  4.8
Armour         | 1 |  1.6
Invocations    | 1 |  1.1
Stealth        | |  1.5

Action                     |  1- 3 |  4- 6 |  7- 9 | 10-12 || total
---------------------------+-------+-------+-------+-------++-------
   Fire: Shortbow          |    56 |   136 |    58 |       ||   250
         Orcbow            |       |       |   166 |    57 ||   223
 Invoke: Heroism           |       |       |       |     2 ||     2
Ability: Spit Poison       |    19 |    48 |    64 |    12 ||   143
    Use: Scroll            |     1 |     5 |     7 |     6 ||    19
         Potion            |     1 |     3 |     6 |     6 ||    16
 Armour: Leather armour    |     1 |    61 |    67 |    35 ||   164
  Dodge: Dodged            |     7 |    68 |    67 |    51 ||   193

Table legend:
 A = Non-vault XP
 B = Vault XP
 C = Vault XP percentage of total XP
 D = Non-vault monster count
 E = Vault monster count
 F = Vault count percentage of total count
                 A         B        C        D         E       F
            +---------+---------+-------+---------+---------+-------
      Total |    4421 |    2278 |  34.0 |     136 |      77 |  36.2
            +---------+---------+-------+---------+---------+-------
        D:1 |      41 |       0 |   0.0 |      24 |       0 |   0.0
        D:2 |      57 |      71 |  55.5 |      20 |      12 |  37.5
        D:3 |     122 |      65 |  34.8 |      20 |       7 |  25.9
        D:4 |      44 |     782 |  94.7 |      12 |      12 |  50.0
        D:5 |     906 |      36 |   3.8 |      22 |       1 |   4.3
        D:6 |     481 |     548 |  53.3 |      12 |       7 |  36.8
        D:7 |     742 |       0 |   0.0 |      14 |       0 |   0.0
        D:8 |     614 |     285 |  31.7 |       5 |      10 |  66.7
        D:9 |    1414 |       0 |   0.0 |       7 |       0 |   0.0
      Sewer |       0 |     491 | 100.0 |       0 |      28 | 100.0
            +---------+---------+-------+---------+---------+-------
